 Dungeon Crawl Stone Soup version 0.21.1-1-g345015f (webtiles) character file.

75 Mirai the Skirmisher (level 4, -15/35 HPs)
             Began as a Demonspawn Fighter on Mar 8, 2018.
             Demolished by an orc warrior
             ... wielding a +0 mace
              (19 damage)
             ... on level 2 of the Dungeon.
             The game lasted 00:02:33 (1034 turns).

Mirai the Skirmisher (Demonspawn Fighter)           Turns: 1034, Time: 00:02:34

Health: -15/35     AC:  6    Str: 22    XL:     4   Next: 11%
Magic:  4/4        EV:  8    Int:  9    God:
Gold:   82         SH:  9    Dex: 13    Spells: 3/3 levels left

rFire    + . .     SeeInvis .   a - +0 war axe
rCold    . . .     Gourm    .   c - +0 shield
rNeg     . . .     Faith    .   b - +0 scale mail
rPois    .         Spirit   .   (no helmet)
rElec    .         Reflect  .   (no cloak)
rCorr    .         Harm     .   (no gloves)
MR       .....                  (no boots)
Stlth    ..........             (no amulet)
HPRegen  0.11/turn              (no ring)
MPRegen  0.09/turn              (no ring)

@: mighty
A: hooves 2, fire resistance 1
a: no special abilities


You were on level 2 of the Dungeon.
You were hungry.

You visited 1 branch of the dungeon, and saw 2 of its levels.

You collected 82 gold pieces.

Inventory:

Hand Weapons
 a - a +0 war axe (weapon)
Armour
 b - a +0 scale mail (worn)
 c - a +0 shield (worn)
Scrolls
 e - a scroll of amnesia {unknown}
 n - a scroll of identify {unknown}
 o - a scroll of fog {unknown}
Potions
 d - a potion of might
 h - a potion of heal wounds {unknown}
 i - a potion of haste {unknown}
 j - a potion of resistance {unknown}
 k - a potion of degeneration {unknown}
 l - 2 potions of brilliance {unknown}
 m - a potion of ambrosia {unknown}
Comestibles
 f - 3 rations


   Skills:
 + Level 3.3 Fighting
 + Level 2.6 Axes
 + Level 3.2 Armour
 + Level 1.0 Dodging
 + Level 3.1 Shields


You had 3 spell levels left.
You didn't know any spells.

Dungeon Overview and Level Annotations

Branches:
Dungeon (2/15)

Altars:


Innate Abilities, Weirdness & Mutations

You have hoof-like feet.
Your flesh is heat resistant. (rF+)


Message History

You hit the leopard gecko.
You kill the leopard gecko!
Sorry, you're not good enough to have a special ability.
Unknown command.
You feel very mighty all of a sudden. The orc warrior hits you with a mace!
You closely miss the orc warrior. Your kick misses the orc warrior.
The orc priest casts a cantrip, but nothing happens.
The orc warrior hits you with a mace.
You closely miss the orc warrior. You block the orc warrior's attack.
The orc warrior hits you with a mace!
* * * LOW HITPOINT WARNING * * *
Your shield prevents you from hitting the orc warrior.
You kick the orc warrior.
The orc warrior is lightly wounded.
The orc priest calls upon Beogh to heal the orc warrior.
The orc warrior's wounds heal themselves!
The orc warrior hits you with a mace!!
Ouch! That really hurt!
You die...

########## #........#
### #........# ..#
#........# ..#
#........#
..###........#########..
(>.((........'..@oo.....
...##....(...#######'#..
...##........#
...##........#
...##........#
...##...###### ...##...#
...##...# ...##...#


You could see an orc warrior and an orc priest.

Vanquished Creatures
  An iguana (D:2)
  An adder (D:2)
  An ooze (D:1)
  3 leopard geckos
  3 bats (D:1)
  2 hobgoblins
  3 jackals (D:1)
  5 kobolds
  A frilled lizard (D:1)
  5 goblins
  6 rats
31 creatures vanquished.

Notes
Turn   | Place    | Note
-------+----------+-------------------------------------------
     0 | D:1      | Mirai the Demonspawn Fighter began the quest for the Orb.
     0 | D:1      | Reached XP level 1. HP: 18/18 MP: 1/1
   212 | D:1      | Gained mutation: You have large cloven feet. [demonic ancestry]
   212 | D:1      | Reached XP level 2. HP: 24/24 MP: 2/2
   637 | D:1      | Gained mutation: Your flesh is heat resistant. (rF+) [demonic ancestry]
   637 | D:1      | Reached XP level 3. HP: 24/29 MP: 3/3
   728 | D:2      | Reached skill level 1 in Dodging
   728 | D:2      | Gained mutation: You have hoof-like feet. [demonic ancestry]
   728 | D:2      | Reached XP level 4. HP: 3/35 MP: 4/4
  1020 | D:2      | Noticed an orc warrior
  1034 | D:2      | Demolished by an orc warrior

Skill      XL: |  1  2  3 |
---------------+----------+-----
Armour         | 3 |  3.2
Axes           | 2 |  2.6
Shields        | 3 |  3.1
Dodging        | 1 |  1.0
Fighting       | |  3.3

Action                   |  1- 3 |  4- 6 || total
-------------------------+-------+-------++-------
Melee: War axe           |    55 |    18 ||    73
       Kick              |     8 |     2 ||    10
  Use: Potion            |       |     1 ||     1
Armor: Scale mail        |    34 |     8 ||    42
Dodge: Dodged            |    22 |     4 ||    26
Block: Shield            |    30 |     5 ||    35
